 Dungeon Crawl Stone Soup version 0.31.0-9-g3a7656b989 (webtiles) character file.

Game seed: 6195849882473557732

35 qw the Shooter (level 3, -3/20 HPs)
             Began as a Deep Elf Hunter on Feb 2, 2024.
             Succumbed to an adder's poison
             ... on level 2 of the Dungeon.
             The game lasted 00:00:02 (1089 turns).

qw the Shooter (Deep Elf Hunter)                    Turns: 1089, Time: 00:00:03

Health: -3/20      AC:  3    Str: 10    XL:     3   Next: 17%
Magic:  5/5        EV: 12    Int: 13    God:
Gold:   79         SH:  0    Dex: 18    Spells: 2/2 levels left

rFire   . . .        a - +0 shortbow
rCold   . . .        (shield currently unavailable)
rNeg    . . .        c - +0 leather armour
rPois   .            (no helmet)
rElec   .            (no cloak)
rCorr   .            (no gloves)
SInv    .            (no boots)
Will    .....        (no amulet)
Stlth   ++           (no ring)
HPRegen 0.23/turn    (no ring)
MPRegen 0.09/turn

%: no passive effects
@: lethally poisoned (-3 -> -19), about to teleport
A: no striking features
a: no special abilities


You were on level 2 of the Dungeon.
You visited 1 branch of the dungeon, and saw 2 of its levels.

You collected 79 gold pieces.


   Skills:
 - Level 1.5 Fighting
 + Level 6.8 Ranged Weapons
 - Level 2.4 Dodging
 - Level 1.2 Stealth


You had 2 spell levels left.
You didn't know any spells.
Your spell library was empty.

Inventory:

Hand Weapons
 a - a +0 shortbow (weapon)
Armour
 c - a +0 leather armour (worn)
 d - a +0 ring mail
Jewellery
 g - a ring of ice
Scrolls
 b - a scroll of amnesia {unknown}

Dungeon Overview and Level Annotations

Branches:
Dungeon (2/15)

Altars:


Message History

The arrow hits the adder.
The adder is moderately wounded.
You hear a loud squeak.
A rat comes into view.
You shoot an arrow. The arrow closely misses the adder.
The arrow barely misses the rat.
You shoot an arrow. The arrow hits the adder.
The adder is severely wounded.
The adder bites you.
You shoot an arrow. The arrow barely misses the adder.
The adder bites you but does no damage. The adder misses you.
You shoot an arrow. The arrow closely misses the adder.
The adder bites you.
You are poisoned.
The adder poisons you!
You shoot an arrow. The arrow misses the adder.
You feel sick. The adder bites you. x2
You shoot an arrow. The arrow hits the adder.
The adder is almost dead.
You feel sick. The adder bites you but does no damage.
You shoot an arrow. The arrow barely misses the adder.
You feel sick. The adder bites you.
You are more poisoned.
The adder poisons you! The adder barely misses you.
You shoot an arrow. The arrow closely misses the adder.
You feel sick. The adder closely misses you.
You shoot an arrow. The arrow misses the adder.
You feel sick. The adder bites you.
You are more poisoned.
The adder poisons you!
1088 ||| READING scroll of teleportation.
As you read the scroll of teleportation, it crumbles to dust.
You feel strangely unstable.
You feel very sick. The adder bites you.
You are more poisoned.
The adder poisons you! The adder barely misses you.
You shoot an arrow. The arrow hits the adder.
You kill the adder!
You die...

#.#..................#
#.#..................# ####
#.##..............%.# #...
#..##..............# #.##
##..##............## #.#
..###..##.......(..###### #.#
#....#..##........##....# #.#
####.....####'%#####.##.#####.#
#####.......@...#..#.......#
###.#####...##.#########
#.........##.# #######.#....#
#...#### #.#.##### #.#.....#
#......># #########


There were no monsters in sight!

Vanquished Creatures
  An adder (D:2)
  A dart slug (D:2)
  A ribbon worm (D:2)
  5 ball pythons
  6 endoplasms
  2 giant cockroaches
  5 hobgoblins
  3 bats (D:1)
  2 frilled lizards (D:1)
  A kobold (D:2)
  3 rats
30 creatures vanquished.

Notes
Turn   | Place    | Note
-------+----------+-------------------------------------------
     0 | D:1      | qw the Deep Elf Hunter began the quest for the Orb.
     0 | D:1      | Reached XP level 1. HP: 12/12 MP: 3/3
     0 | D:1      | 0 ||| qw: Version: 0.3-a-155-g5e7d8dd
     0 | D:1      | 0 ||| qw: Game counter: 2533
     0 | D:1      | 0 ||| qw: Melee chars always use a shield: true
     0 | D:1      | 0 ||| qw: God list: Okawaru
     0 | D:1      | 0 ||| qw: Allow faded altars: false
     0 | D:1      | 0 ||| qw: Do Orc after clearing Dungeon:15 true
     0 | D:1      | 0 ||| qw: Do second Lair branch before Depths: true
     0 | D:1      | 0 ||| qw: Lair rune preference: random
     0 | D:1      | 0 ||| qw: Goals: Normal
     0 | D:1      | 0 ||| PLANNING D:1-11
   393 | D:1      | Reached skill level 6 in Ranged Weapons
   393 | D:1      | Reached XP level 2. HP: 16/16 MP: 4/4
   859 | D:1      | 859 ||| READING 3 scrolls labelled CETZED OKESE.
   859 | D:1      | 859 ||| IDENTIFYING yellow potion
   860 | D:1      | 860 ||| READING 2 scrolls of identify.
   860 | D:1      | 860 ||| IDENTIFYING scroll labelled TAETUOF QAAZY
   861 | D:1      | 861 ||| READING scroll of identify.
   861 | D:1      | 861 ||| IDENTIFYING scroll labelled CIOJAUKKIM
   862 | D:1      | 862 ||| DROPPING scroll of butterflies.
   863 | D:1      | 863 ||| DROPPING potion of degeneration.
   864 | D:1      | 864 ||| DROPPING scroll of poison.
  1004 | D:2      | Reached XP level 3. HP: 20/20 MP: 5/5
  1009 | D:2      | 1009 ||| FLEEEEING.
  1012 | D:2      | 1012 ||| FLEEEEING.
  1013 | D:2      | 1013 ||| FLEEEEING.
  1087 | D:2      | HP: 5/20 [adder (3)]
  1088 | D:2      | 1088 ||| READING scroll of teleportation.
  1088 | D:2      | HP: 2/20 [poisoned by an adder]
  1089 | D:2      | Succumbed to an adder's poison

Levels and vault maps discovered:
D:1:      minmay_arrival_stone_box, layout_basic, amcnicky_mini_pool_small,
          minmay_misc_feat_four_crosses
D:2:      kennysheep_big_flooded_room, layout_basic, uniq_crazy_yiuf_cottage

Skill      XL: |  1 |
---------------+----+-----
Ranged Weapons | 6 |  6.8
Fighting       | |  1.5
Dodging        | |  2.4
Stealth        | |  1.2

Action                     || total
---------------------------++-------
   Fire: Shortbow          ||    80
    Use: Scroll            ||     4
 Armour: Leather armour    ||    15
  Dodge: Dodged            ||    13

Table legend:
 A = Non-vault XP
 B = Vault XP
 C = Vault XP percentage of total XP
 D = Non-vault monster count
 E = Vault monster count
 F = Vault count percentage of total count
                 A         B        C        D         E       F
            +---------+---------+-------+---------+---------+-------
      Total |      58 |       6 |   9.4 |      28 |       2 |   6.7
            +---------+---------+-------+---------+---------+-------
        D:1 |      26 |       0 |   0.0 |      17 |       0 |   0.0
        D:2 |      32 |       6 |  15.8 |      11 |       2 |  15.4
            +---------+---------+-------+---------+---------+-------
